 Dungeon Crawl Stone Soup version 0.28.0-45-g0d030f2227 (webtiles) character file.

Game seed: 9837373549560180621

314 MisterFreud the Changer (level 6, -3/51 HPs)
             Began as a Draconian Transmuter on Apr 18, 2022.
             Killed from afar by Pikel (15 damage)
             ... with an iceblast
             ... on level 4 of the Dungeon.
             The game lasted 00:03:46 (2585 turns).

MisterFreud the Changer (Draconian Transmuter)      Turns: 2585, Time: 00:03:46

Health: -3/51      AC:  2    Str: 13    XL:     6   Next: 19%
Magic:  4/9        EV: 19    Int: 15    God:
Gold:   102        SH:  0    Dex: 16    Spells: 3/9 levels left

rFire   . . .      SeeInvis .     - Unarmed
rCold   . . .      Faith    .   (shield currently unavailable)
rNeg    . . .      Spirit   .   (armour unavailable)
rPois   x          Reflect  .   (helmet currently unavailable)
rElec   .          Harm     .   (cloak currently unavailable)
rCorr   .          Rampage  .   (gloves currently unavailable)
Will    .....                   (boots currently unavailable)
Stlth   +.........              (no amulet)
HPRegen 0.17/turn               (no ring)
MPRegen 0.11/turn               (no ring)

@: spider-form (expiring)
A: venomous fangs, AC +6, tiny, unfitting armour, (cold-blooded)
a: End Transformation


You were on level 4 of the Dungeon.
You were a venomous arachnid creature.
You visited 1 branch of the dungeon, and saw 4 of its levels.

You collected 102 gold pieces.

Inventory:

Missiles
 e - a poisoned dart (quivered)
Armour
 k - a +0 pair of gloves (melded)
Scrolls
 d - 2 scrolls of vulnerability
 i - a scroll of enchant weapon {unknown}
 j - a scroll of amnesia {unknown}
Potions
 a - a potion of attraction
 c - a potion of flight {unknown}
 f - 2 potions of resistance
 g - a potion of degeneration {unknown}
 h - 3 potions of lignification
 l - a potion of might {unknown}


   Skills:
 + Level 3.3 Fighting
 - Level 1.7 Dodging
 + Level 4.2 Unarmed Combat
 - Level 2.0 Spellcasting
 - Level 5.0 Transmutations


You had 3 spell levels left.
You knew the following spells:

 Your Spells              Type           Power      Damage    Failure   Level
a - Beastly Appendage     Tmut           32%        N/A       10%         1
b - Wereblood             Tmut           16%        N/A       13%         2
c - Spider Form           Tmut/Pois      9%         N/A       45%         3

Your spell library contained the following spells:

 Spells                   Type           Power      Damage    Failure   Level
 Slow                     Hex            4%         N/A       43%         1
 Confusing Touch          Hex            1%         N/A       75%         3
 Tukima's Dance           Hex            1%         N/A       75%         3
 Vampiric Draining        Necr           1%         2d6       75%         3
 Ice Form                 Ice/Tmut       9%         N/A       80%         4
 Passage of Golubria      Tloc           1%         N/A       98%         4
 Yara's Violent Unravell  Hex/Tmut       4%         3d4       98%         5


Dungeon Overview and Level Annotations

Branches:
Dungeon (4/15)
 Temple: D:4-7

Altars:
Ashenzari
Yredelemnul
The Shining One

Annotations:
D:4 Pikel


Innate Abilities, Weirdness & Mutations

You are a venomous arachnid creature.
You have poisonous fangs.
You are tiny and dextrous.
Your spellcasting is less reliable in this form.
Your armour is entirely melded.
You are incapable of wielding weapons or throwing items.
((Your plain brown scales are hard. (AC +6)))
You cannot fit into any form of body armour.
((You are cold-blooded and may be slowed by cold attacks.))


Message History

You start resting.
HP restored.
Casting: Spider Form (dangerous; 24% risk of failure)
Confirm with . or Enter, or press ? or * to list all spells.
You miscast Spider Form.
You are very lightly contaminated with residual magic.
Nothing appears to happen.
Casting: Spider Form (dangerous; 24% risk of failure)
Confirm with . or Enter, or press ? or * to list all spells.
You turn into a venomous arachnid creature.
Your +0 pair of gloves melds into your body.
You climb downwards.
Level annotation: Pikel Pikel hits you with a +1 whip of flaming.
Pikel burns you. The lemure hits you!
Pikel hits you with a +1 whip of flaming!
Pikel burns you.
There is a stone staircase leading up here.
You hit Pikel.
Pikel is poisoned.
Pikel is lightly wounded.
The lemure barely misses you. Pikel barely misses you.
You barely miss Pikel. The lemure closely misses you.
The ball python bites you. The ball python barely misses you.
You hit Pikel.
Pikel looks as sick as possible!
Pikel is lightly wounded.
Pikel barely misses you. The lemure closely misses you.
A hound comes into view.
The ball python misses you. x2
Your magical contamination has completely faded away.
The hound barks!
You hit Pikel but do no damage.
Pikel looks as sick as possible!
Pikel is moderately wounded.
Pikel hits you with a +1 whip of flaming!
Pikel burns you. The lemure hits you.
* * * LOW HITPOINT WARNING * * *
The ball python closely misses you. The ball python barely misses you.
Your transformation is almost over.
The ball python barely misses you. The ball python closely misses you.
Pikel zaps a wand.
The mass of ice explodes!
The iceblast engulfs you!
You die...

.........##
..........##
>..........
..........#
.....5....####.
...............
##.# #....##
##..# ####..#
#.s.######.##
##.S5.##...###
##K..#......#
##<........##
##............
##h.##...####
#.......#
#........#
......#..#


You could see Pikel (extremely poisoned), a lemure, a hound and a ball python.

Vanquished Creatures
  Edmund (D:4)
  3 lemures (D:3)
  A hound (D:3)
  2 orc priests (D:3)
  A hound skeleton (D:4)
  3 adders
  4 worms
  2 dart slugs
  6 orcs
  A bat (D:2)
  3 endoplasms
  3 giant cockroaches
  6 hobgoblins
  4 kobolds
  3 quokkas
  6 ball pythons
  6 frilled lizards
  2 goblins
  8 rats
  A spectral orc (D:3)
66 creatures vanquished.

Notes
Turn   | Place    | Note
-------+----------+-------------------------------------------
     0 | D:1      | MisterFreud the Draconian Transmuter began the quest for
                  | the Orb.
     0 | D:1      | Reached XP level 1. HP: 16/16 MP: 3/3
    32 | D:1      | Found a faded altar of an unknown god.
   336 | D:1      | Reached XP level 2. HP: 23/23 MP: 3/5
   597 | D:2      | Reached skill level 3 in Transmutations
   645 | D:2      | Reached XP level 3. HP: 26/28 MP: 4/6
   982 | D:2      | Reached skill level 4 in Transmutations
  1001 | D:2      | Found a broken altar of Ashenzari.
  1259 | D:2      | Learned a level 2 spell: Wereblood
  1263 | D:2      | Learned a level 3 spell: Spider Form
  1350 | D:3      | Reached XP level 4. HP: 35/35 MP: 5/7
  1476 | D:3      | Found a basalt altar of Yredelemnul.
  1543 | D:3      | Reached skill level 5 in Transmutations
  1809 | D:3      | Reached XP level 5. HP: 40/40 MP: 8/8
  1996 | D:3      | Found a glowing golden altar of the Shining One.
  2263 | D:4      | Noticed a lemure
  2263 | D:4      | Noticed a lemure
  2263 | D:4      | Noticed a lemure
  2264 | D:4      | Noticed a lemure
  2270 | D:4      | Noticed Pikel
  2297 | D:3      | Killed a lemure
  2350 | D:4      | Noticed Edmund
  2366 | D:4      | Killed Edmund
  2367 | D:4      | Reached XP level 6. HP: 35/51 MP: 3/9
  2585 | D:4      | Killed from afar by Pikel

Illustrated notes

Levels and vault maps discovered:
D:1:      shiori_shiawase, layout_basic, chequers_ecumenical_altar_simple
D:2:      layout_rooms, basic_altar, amcnicky_mini_corridor_feature,
          kennysheep_another_room, grunt_ministairs_15,
          chequers_serial_rivers_small_3
D:3:      layout_rooms, yredelemnul_forgotten_temple_becter,
          mainiacjoe_overflow_catwalk
D:4:      kennysheep_goblin_castle, layout_cave_pools, uniq_pikel, uniq_edmund

Skill      XL: |  1  2  3  4  5 |
---------------+----------------+-----
Transmutations | 3 4 5 |  5.0
Fighting       | 3 |  3.3
Unarmed Combat | 4 |  4.2
Dodging        | |  1.7
Spellcasting   | |  2.0

Action                   |  1- 3 |  4- 6 || total
-------------------------+-------+-------++-------
Melee: Unarmed           |    73 |   114 ||   187
       Kick              |    16 |    12 ||    28
       Headbutt          |    11 |     5 ||    16
       Tailslap          |     9 |     8 ||    17
       Punch             |     2 |       ||     2
Throw: Dart              |     4 |       ||     4
 Cast: Beastly Appendage |    15 |    11 ||    26
       Spider Form       |       |     7 ||     7
  Use: Scroll            |       |     4 ||     4
 Stab: Sleeping          |     1 |       ||     1
Armor: Skin              |    18 |    19 ||    37
Dodge: Dodged            |    43 |    96 ||   139
